 Dungeon Crawl Stone Soup version 0.23.2-1-ga50397a (webtiles) character file.

Game seed: 11140463302377573508

1567 Fang the Skirmisher (level 8, -8/52 HPs)
             Began as a Gargoyle Berserker on May 6, 2019.
             Was an Elder of Trog.
             Mangled by an ogre
             ... wielding a +0 giant club
              (17 damage)
             ... on level 6 of the Dungeon.
             The game lasted 00:07:41 (5920 turns).

Fang the Skirmisher (Gargoyle Berserker)            Turns: 5920, Time: 00:07:42

Health: -8/52      AC: 19    Str: 24    XL:     8   Next: 90%
Magic:  8/8        EV: 10    Int:  7    God:    Trog [****..]
Gold:   326        SH:  0    Dex:  9    Spells: 7/7 levels left

rFire    . . .     SeeInvis .   a - +0 hand axe
rCold    . . .     Gourm    .   (no shield)
rNeg     + . .     Faith    .   b - +0 chain mail
rPois    ∞         Spirit   .   (no helmet)
rElec    +         Reflect  .   (no cloak)
rCorr    .         Harm     .   n - +2 pair of gloves
MR       ++...                  (no boots)
Stlth    ..........             (no amulet)
HPRegen  1.17/turn              l - ring of attention (curse)
MPRegen  0.11/turn              (no ring)

@: berserk cooldown, regenerating, slowed, very slow
A: negative energy resistance 1, electricity resistance, unbreathing,
petrification resistance, rot immunity, AC +5
a: Berserk, Trog's Hand, Brothers in Arms, Renounce Religion


You were on level 6 of the Dungeon.
You worshipped Trog.
Trog was greatly pleased with you.
You were not hungry.

You visited 1 branch of the dungeon, and saw 6 of its levels.

You collected 326 gold pieces.

Inventory:

Hand Weapons
 a - a +0 hand axe (weapon)
Armour
 b - a +0 chain mail (worn)
 n - a +2 pair of gloves (worn)
Jewellery
 l - a cursed ring of attention (left hand)
Wands
 r - a wand of flame (20)
Scrolls
 d - 2 scrolls of enchant armour {unknown}
 e - 2 scrolls of noise {unknown}
 g - 9 scrolls of identify {unknown}
 i - 4 scrolls of random uselessness {unknown}
 j - 5 scrolls of teleportation {unknown}
 k - a scroll of fog {unknown}
 m - 2 scrolls of amnesia {unknown}
 p - a scroll of enchant weapon {unknown}
 t - 2 scrolls of magic mapping {unknown}
 v - a scroll of remove curse {unknown}
Potions
 f - a potion of flight {unknown}
 h - 3 potions of curing
 o - a potion of brilliance {unknown}
 q - a potion of might {unknown}
 s - a potion of haste {unknown}
Comestibles
 c - 6 rations


   Skills:
 + Level 6.8 Fighting
 + Level 5.6 Axes
 + Level 6.2 Armour
 + Level 4.7 Dodging


You had 7 spell levels left.
You didn't know any spells.
Your spell library was empty.

Dungeon Overview and Level Annotations

Branches:
Dungeon (6/15)
 Temple: D:4-7

Altars:
Gozag


Innate Abilities, Weirdness & Mutations

You are resistant to torment.
Your stone body is resilient. (AC +5)
You are immune to poison.
You resist negative energy. (rN+)
You are resistant to electric shocks. (rElec)
You can survive without breathing.
You are immune to petrification.
You are immune to rotting.


Message History

Trog accepts your kill.
You barely miss the ogre.
Your chain mail prevents you from hitting something.
The adder bites you but does no damage.
A sky beast appears from thin air!
Reactivating autopickup.
The sky beast hits you but does no damage.
The orc wizard hits you but does no damage.
The adder bites you but does no damage. The sky beast hits you.
* * * LOW HITPOINT WARNING * * *
The sky beast shocks you. You resist.
* * * LOW HITPOINT WARNING * * *
The ogre hits you but does no damage.
The orc wizard hits you but does no damage.
You hit the orc wizard.
The orc wizard is heavily wounded.
You hit the ogre. You hit the sky beast. You closely miss the adder.
The adder bites you but does no damage.
The sky beast hits you but does no damage.
The adder closely misses you. The ogre hits you with a +0 giant club!
You die...

. #.# ##.## ##...##
##.....## ##.......##
##.
..####.........####.....
......OY)...............
#)@S......####.....
##o).....## ...
##.....## . ##..)##
##(## #.# #.# ##.##
##...##


You could see a sky beast, an ogre, an orc wizard and an adder.

Vanquished Creatures
  Menkaure (D:5)
  A phantom (D:6)
  A sky beast (D:5)
  3 ogres (D:4)
  A centaur (D:6)
  A big kobold (D:4)
  A bullfrog (D:6)
  A scorpion (D:6)
  A jelly (D:6)
  A howler monkey (D:4)
  2 orc priests (D:6)
  A centaur skeleton (D:4)
  Crazy Yiuf (D:2)
  3 hounds
  Terence (D:2)
  Natasha (thrice) (D:2)
  2 orc wizards (D:4)
  A hound zombie (D:6)
  4 gnolls (D:4)
  11 adders
  An adder skeleton (D:4)
  4 worms
  A dart slug (D:1)
  2 leopard geckos
  13 orcs
  4 ball pythons
  6 giant cockroaches
  8 goblins
  10 hobgoblins
  10 jackals
  26 kobolds
  3 quokkas
  5 bats
  4 frilled lizards
  A jackal skeleton (D:4)
  A jackal zombie (D:5)
  12 rats
  4 plants (D:4)
156 creatures vanquished.

Notes
Turn   | Place    | Note
-------+----------+-------------------------------------------
     0 | D:1      | Fang the Gargoyle Berserker began the quest for the Orb.
     0 | D:1      | Reached XP level 1. HP: 14/14 MP: 1/1
   293 | D:1      | Reached XP level 2. HP: 19/19 MP: 2/2
   537 | D:1      | Reached XP level 3. HP: 21/23 MP: 3/3
   864 | D:2      | Found an opulent altar of Gozag.
   928 | D:2      | Reached ** piety under Trog
  1209 | D:2      | Noticed Terence
  1223 | D:2      | Killed Terence
  1223 | D:2      | Reached XP level 4. HP: 17/29 MP: 4/4
  1259 | D:2      | Noticed Natasha
  1270 | D:2      | Killed Natasha
  1622 | D:2      | Reached XP level 5. HP: 12/33 MP: 5/5
  2079 | D:2      | Noticed Natasha
  2095 | D:2      | Killed Natasha
  2126 | D:2      | Noticed Natasha
  2142 | D:2      | Killed Natasha
  2358 | D:2      | Found a runed translucent door.
  2359 | D:2      | Noticed Crazy Yiuf
  2599 | D:2      | Killed Crazy Yiuf
  2762 | D:3      | Reached XP level 6. HP: 26/39 MP: 6/6
  3102 | D:3      | Reached *** piety under Trog
  3523 | D:4      | Reached skill level 5 in Fighting
  3523 | D:4      | Reached XP level 7. HP: 27/44 MP: 7/7
  4478 | D:4      | Reached **** piety under Trog
  4481 | D:4      | Received a gift from Trog
  4507 | D:4      | Reached skill level 5 in Armour
  4591 | D:4      | Reached XP level 8. HP: 29/51 MP: 8/8
  5032 | D:5      | Entered Level 5 of the Dungeon
  5239 | D:5      | Reached skill level 5 in Axes
  5318 | D:5      | Noticed Menkaure
  5330 | D:5      | Killed Menkaure
  5334 | D:5      | You fall through a shaft!
  5920 | D:6      | Mangled by an ogre

Skill      XL: |  1  2  3  4  5  6  7  8 |
---------------+-------------------------+-----
Axes           | 3 4 5 |  5.6
Dodging        | 2 3 4 |  4.7
Fighting       | 4 5 6 |  6.8
Armour         | 3 4 5 6 |  6.2

Action                   |  1- 3 |  4- 6 |  7- 9 || total
-------------------------+-------+-------+-------++-------
Melee: Hand axe          |   108 |   210 |   417 ||   735
Invok: Berserk           |       |     3 |     2 ||     5
       Trog's Hand       |       |       |     3 ||     3
  Use: Potion            |       |       |     1 ||     1
 Stab: Sleeping          |       |     1 |       ||     1
  Eat: Chunk             |     1 |     6 |    11 ||    18
       Ration            |       |     1 |     1 ||     2
Armor: Animal skin       |    46 |    82 |    24 ||   152
       Chain mail        |       |       |   225 ||   225
Dodge: Dodged            |    72 |   126 |   195 ||   393
